[Event "Serbian-ch Semifinal 2024"]
[Site "Paracin"]
[Date "2024.02.06"]
[Round "3.2"]
[White "Radovanovic, Nikola"]
[Black "Pap, Misa"]
[Result "1-0"]
[ECO "B38"]
[WhiteElo "2446"]
[BlackElo "2422"]
[Annotator "TA"]
[PlyCount "65"]
[EventDate "2024.02.04"]
[EventType "swiss"]
[EventCountry "SRB"]
[SourceTitle "playchess.com"]
[Source "ChessBase"]
[SourceQuality "1"]
[TimeControl "40/5400+30:1800+30"]

1. e4 c5 2. Nf3 Nc6 3. d4 cxd4 4. Nxd4 g6 5. c4 Bg7 6. Be3 Nf6 7. Nc3 d6 8. Be2 O-O 9. f3 Nxd4 10. Bxd4 Nd7 11. Bxg7 Kxg7 {[%emt 0:00:06] White is better.} 12. Qd2 a5 13. O-O-O a4 14. a3 {[%emt 0:01:05] White is more active.} ({White should play} 14. h4) 14... Nc5 $16 {[%emt 0:02:59] White must now prevent ...Nb3+.} 15. Kb1 Be6 {[%emt 0:10:26] Black is on the road to losing.} 16. h4 Qa5 17. Qe3 Nb3 18. Nb5 {[%emt 0:01:03] And now h5 would win.} (18. Nd5 {keeps more tension.} Rae8 19. h5 Qc5 20. Qc3+) 18... f6 (18... Rfc8 $2 19. h5 Rh8 20. e5 $18) ({Better is} 18... h6) 19. f4 $1 Rac8 {[%emt 0:10:26] [#]} 20. h5 $1 g5 (20... Bxc4 $2 {perishes.} 21. hxg6 hxg6 (21... Bxb5 22. Rxh7+ Kg8 23. Qh3) 22. Bxc4 $18) (20... Bf7 21. hxg6 hxg6) 21. fxg5 {[%emt 0:03:34] Strongly threatening Rhf1.} Rc5 $2 (21... h6 22. gxf6+ (22. gxh6+ Kh8 $14) 22... Rxf6) 22. h6+ $18 Kh8 (22... Kg8 {keeps fighting.} 23. gxf6 Rxf6) 23. gxf6 Rxf6 24. Rhf1 Rxf1 25. Bxf1 {[%emt 0:00:10] Threatening mate with Qg3.} Qa8 {[%emt 0:03:53] [#]} 26. Nc7 {[%emt 0:04:48] Prevents Qe8.} Qg8 ({Inferior is} 26... Rxc7 27. Qc3+) 27. Nd5 Bxd5 28. exd5 {[%emt 0:01:17] Qc3+ would kill now.} Qf7 29. Bd3 {[%emt 0:01:46] White threatens Rf1 and mate.} Rc8 30. Rf1 Qh5 31. g4 Qxg4 32. Qxe7 Nd2+ 33. Ka2 {[%emt 0:00:25] Weighted Error Value: White=0.60/Black=1.06.  Mistake:       	White=2     	Black=4      Inaccurate:     	White=1     	Black=6      OK:         	White=6     	Black=2      Best:        	White=2     	Black=1      Strong:       	White=2     	---} 1-0

[Event "Serbian-ch Semifinal 2024"]
[Site "Paracin"]
[Date "2024.02.06"]
[Round "3.3"]
[White "Tilicheev, Viacheslav"]
[Black "Perunovic, Miodrag"]
[Result "1-0"]
[ECO "E71"]
[WhiteElo "2487"]
[BlackElo "2373"]
[Annotator "TA"]
[PlyCount "57"]
[EventDate "2024.02.04"]
[EventType "swiss"]
[EventCountry "SRB"]
[SourceTitle "playchess.com"]
[Source "ChessBase"]
[SourceQuality "1"]
[TimeControl "40/5400+30:1800+30"]

1. d4 Nf6 2. c4 g6 3. Nc3 Bg7 4. e4 d6 5. h3 O-O 6. Be3 e5 7. d5 Na6 8. g4 Nc5 9. f3 a5 10. Qd2 {[%emt 0:00:20] White is slightly better.} c6 $1 11. Nge2 cxd5 12. cxd5 Bd7 13. Ng3 h5 14. gxh5 Nxh5 15. Nxh5 Qh4+ 16. Qf2 Qxh5 17. Bxc5 dxc5 18. O-O-O $1 f5 {[%emt 0:07:27] [#] ...fxe4 is the strong threat.} 19. Qg2 ({Stronger than} 19. Qxc5 Rac8 (19... Qxf3 20. Be2 $14) 20. Qd6 Ba4 $17 (20... Qxf3 21. Qxd7 Qxh1 22. Bc4 $17)) (19. Qg3 $1 $16) 19... fxe4 $1 $11 20. fxe4 Bh6+ (20... Qf3 $1 $14) 21. Kb1 $16 Be3 {[%emt 0:00:30] [#] Against Qg1} 22. Be2 $1 Qh6 23. Bg4 $36 {[%emt 0:07:01][%mdl 2048] Black is under strong pressure.} Rf2 {[%emt 0:01:12] This move loses the game for Black.} (23... Rad8 $16) 24. Qg3 $18 Bxg4 (24... Be8 25. Rhe1 (25. Qxe5 Bd4 $16) 25... Bd4 26. Rxd4 cxd4 27. Qxf2 dxc3 28. bxc3 g5) 25. hxg4 ({Inferior is} 25. Qxg4 Raf8 $11) 25... Qg5 26. Qh3 {[%emt 0:00:07] White threatens Qh8+ and mate.} Kf7 27. Qh7+ {[%emt 0:00:15] White mates.} Kf6 28. d6 Ke6 {[%emt 0:00:02] [#]} 29. Rh6 $3 {[%emt 0:01:29][%mdl 512] Weighted Error Value: White=0.05 (flawless) /Black=0.53.  Mistake:       	White=1     	Black=3      Inaccurate:     	---       	Black=1      OK:         	White=4     	Black=5      Best:        	White=3     	Black=1      Strong:       	White=2     	Black=2} 1-0

[Event "Serbian-ch Semifinal 2024"]
[Site "Paracin"]
[Date "2024.02.06"]
[Round "3.4"]
[White "Atalik, Suat"]
[Black "Bryakin, Mikhail"]
[Result "1/2-1/2"]
[ECO "D10"]
[WhiteElo "2439"]
[BlackElo "2479"]
[Annotator "TA"]
[PlyCount "36"]
[EventDate "2024.02.04"]
[EventType "swiss"]
[EventCountry "SRB"]
[SourceTitle "playchess.com"]
[Source "ChessBase"]
[SourceQuality "1"]
[TimeControl "40/5400+30:1800+30"]

1. d4 d5 2. c4 c6 3. e3 Bf5 4. Nc3 e6 5. f3 Nf6 6. g4 Bg6 7. h4 {[%emt 0:01:06] [#] Black must now prevent h5.} h5 8. g5 {[%emt 0:00:19] White is slightly better.} Ng8 9. Nge2 Bd6 $1 10. Qb3 b6 11. cxd5 exd5 12. e4 Ne7 13. Bg2 ({Don't play} 13. exd5 $6 O-O $15) (13. Nf4 $5) 13... O-O 14. O-O b5 15. Be3 (15. e5 $14 {deserves consideration.} Bc7 16. Ng3) 15... a5 $11 16. a3 Na6 (16... Nd7 $11) 17. Qd1 $14 Qd7 18. Qd2 (18. e5 $14 Bb8 19. Ng3) 18... Rad8 {[%emt 0:12:15] Weighted Error Value: White=0.17 (very precise) /Black=0.19 (very precise) .  Mistake:       	White=2     	Black=2      Inaccurate:     	White=2     	Black=3      OK:         	White=5     	Black=4      Strong:       	---       	Black=1} (18... Bc7 $11) 1/2-1/2

[Event "Serbian-ch Semifinal 2024"]
[Site "Paracin"]
[Date "2024.02.06"]
[Round "3.5"]
[White "Nestorovic, Nikola"]
[Black "Tadic, Stefan"]
[Result "1/2-1/2"]
[ECO "C55"]
[WhiteElo "2465"]
[BlackElo "2390"]
[Annotator "TA"]
[PlyCount "152"]
[EventDate "2024.02.04"]
[EventType "swiss"]
[EventCountry "SRB"]
[SourceTitle "playchess.com"]
[Source "ChessBase"]
[SourceQuality "1"]
[TimeControl "40/5400+30:1800+30"]

1. e4 e5 2. Nf3 Nc6 3. Bc4 Nf6 4. d3 Be7 5. Nc3 O-O 6. O-O d6 7. a4 Be6 8. Nd5 Bxd5 9. exd5 Nb4 10. d4 e4 11. Nd2 Nbxd5 12. Nxe4 c6 13. Ng3 Re8 14. a5 Qd7 15. Qf3 Qg4 16. Qxg4 Nxg4 17. Bxd5 cxd5 18. f3 Nf6 19. Nf5 g6 20. Ne3 Bf8 21. Kf2 Re6 22. Re1 Bg7 23. c3 Rae8 24. Nc2 Rxe1 25. Nxe1 Rc8 26. Nd3 Ne8 27. Nb4 Nc7 28. Bf4 Bf8 29. g4 f6 30. h4 Kf7 31. h5 Re8 32. hxg6+ hxg6 33. Rh1 Kg8 34. Nd3 Ne6 35. Bd2 Rd8 36. f4 Nc7 37. f5 g5 38. Kf3 a6 39. Ra1 Rd7 40. Be1 Be7 41. Bg3 Bd8 42. Nb4 Kg7 (42... Kf7 $16 43. Nc2 Be7) 43. Nc2 $18 (43. Rh1 Be7 44. Re1 Bf8 $16) 43... Kf7 44. Ne3 Kg7 45. Ra4 Kf7 46. Rb4 Nb5 47. Nxd5 Bxa5 48. Ra4 Bd8 49. Ra1 Be7 50. Re1 Nc7 51. Ke4 Bf8 52. c4 Na8 $2 (52... Ne8 53. b4 Bh6) 53. b4 $18 b6 54. Kd3 Nc7 (54... b5 $142 55. cxb5 axb5) 55. Nxb6 $18 Rd8 56. d5 Rb8 57. Bf2 Be7 58. Rh1 Bf8 59. Bd4 Bg7 60. Be3 Bf8 61. c5 Kg7 62. Bd4 Re8 63. c6 Be7 64. Re1 Kf7 65. Kc4 Rh8 66. Re4 Rh1 67. Nc8 Rc1+ 68. Kb3 Nxd5 69. Nxe7 (69. Na7 $18) 69... Nxe7 $16 {[%emt 0:00:10] [#]} 70. Re6 (70. c7 $1 $16 {Threatens to win with Bc3.} Nd5 (70... Rxc7 $2 {too greedy.} 71. Re6 $18) 71. Re6 Nxc7 72. Rxd6 (72. Rxf6+ Ke7 $16)) 70... Nxc6 $14 71. Rxf6+ ({Of course not} 71. Bxf6 Rb1+ 72. Ka3 Rd1 $11) (71. Bb2 $14 Rf1 72. Rxd6 (72. Rxf6+ Ke7 $14) 72... Rf3+ 73. Ka4) 71... Ke7 $11 72. Re6+ Kd7 73. Bc3 Rg1 74. Rg6 Rxg4 75. Rg7+ Ke8 76. f6 Ne5 1/2-1/2

[Event "Serbian-ch Semifinal 2024"]
[Site "Paracin"]
[Date "2024.02.06"]
[Round "3.6"]
[White "Kovacevic, Aleksandar"]
[Black "Arsovic, Zoran"]
[Result "1/2-1/2"]
[ECO "B67"]
[WhiteElo "2453"]
[BlackElo "2362"]
[Annotator "TA"]
[PlyCount "50"]
[EventDate "2024.02.04"]
[EventType "swiss"]
[EventCountry "SRB"]
[SourceTitle "playchess.com"]
[Source "ChessBase"]
[SourceQuality "1"]
[TimeControl "40/5400+30:1800+30"]

1. e4 c5 2. Nf3 d6 3. d4 cxd4 4. Nxd4 Nf6 5. Nc3 Nc6 6. Bg5 e6 7. Qd2 a6 8. O-O-O Bd7 9. f3 Nxd4 10. Qxd4 h6 11. Be3 Bc6 12. h4 d5 {[%emt 0:12:57] Dodges Bc4} 13. e5 Nd7 14. f4 g6 15. Be2 Qc7 16. Bf3 h5 17. Kb1 O-O-O 18. Ne2 Bb5 19. Qd2 Nb6 20. b3 {[%emt 0:00:48][%cal Oc2c4] Threatens to win with c4!} Bxe2 21. Qxe2 {[%emt 0:07:08] [#] Qf2 would now be deadly.} Bc5 $1 22. Rd3 Kb8 {[%emt 0:07:30] The position is equal.} 23. Rhd1 {[%emt 0:07:28] And now Rc3 would win.} Bxe3 24. Qxe3 {[%emt 0:00:09] Hoping for Rc3.} Rc8 25. R1d2 {[%emt 0:04:52] Active counter play!} Qc5 {[%emt 0:00:36] Weighted Error Value: White=0.05 (flawless) /Black=0.02 (flawless) .  Inaccurate:     	---       	Black=1      OK:         	White=4     	Black=10     Strong:       	---       	Black=1} 1/2-1/2

[Event "Serbian-ch Semifinal 2024"]
[Site "Paracin"]
[Date "2024.02.06"]
[Round "3.7"]
[White "Injac, Teodora"]
[Black "Djordjevic, Vuk"]
[Result "0-1"]
[ECO "E49"]
[WhiteElo "2439"]
[BlackElo "2367"]
[Annotator "TA"]
[PlyCount "62"]
[EventDate "2024.02.04"]
[EventType "swiss"]
[EventCountry "SRB"]
[SourceTitle "playchess.com"]
[Source "ChessBase"]
[SourceQuality "1"]
[TimeControl "40/5400+30:1800+30"]

1. d4 Nf6 2. c4 e6 3. Nc3 Bb4 4. e3 O-O 5. Bd3 d5 6. a3 Bxc3+ 7. bxc3 c5 8. cxd5 Nxd5 (8... exd5 $11 9. Ne2 b6) 9. Ne2 (9. dxc5 Nd7 $15 (9... Nxc3 10. Qc2 $16)) ({White should try} 9. Nf3 $16) 9... Nc6 $11 10. O-O Nde7 {[%emt 0:06:17] White is slightly better.} 11. c4 Ng6 12. Bb2 b6 13. Qc2 Bb7 14. dxc5 Qg5 {[%emt 0:15:09] [#]} ({Better is} 14... bxc5 $14 15. Rab1 Qe7) 15. Ng3 (15. Qc3 $1 $16 Nh4 16. Ng3) 15... Qxc5 16. Qc3 f6 17. Ne4 Qe7 18. Bc2 Nce5 19. f4 Nf7 20. a4 Rfd8 21. Ba3 {[%emt 0:04:26] A strong pair of Bishops.} Qc7 22. Rf2 Nh6 (22... Bxe4 $11 23. Bxe4 Rac8) 23. h3 Rac8 24. Nd2 Nf5 25. Rc1 (25. a5 {simplifies} bxa5 26. Nb3 Qxc4 27. Qxc4 Rxc4 28. Nxa5 Rc7 29. Nxb7 Rxb7 30. Bc5) 25... Ngh4 26. Bb1 (26. a5 $11) 26... Qd7 27. Ne4 (27. e4 $11 Nd4 28. Nb3) 27... Bxe4 $17 28. Bxe4 Qxa4 29. Kh2 {[%emt 0:02:30] [#]} b5 {[%emt 0:00:22] Black is more active.} (29... Nd6 $1 $17 30. Bxd6 Rxd6) 30. Qb2 $2 (30. Bc2 $1 $11 Qa6 (30... Qxc4 31. Qe1 $14) 31. c5) 30... Nxe3 $2 ({Resist} 30... bxc4 31. Rc3 $17) ({Black should play} 30... Rxc4 $19 31. Bc2 Qa6) 31. cxb5 $2 Qxe4 {[%emt 0:00:23] Weighted Error Value: White=0.47/Black=0.26 (precise) .  Loses game:     	White=2     	---        Missed win:     	---       	Black=1      Mistake:       	White=4     	Black=3      Inaccurate:     	White=3     	Black=2      OK:         	White=6     	Black=12     Best:        	---       	Black=1} 0-1

[Event "Serbian-ch Semifinal 2024"]
[Site "Paracin"]
[Date "2024.02.06"]
[Round "3.8"]
[White "Gagic, Milan A"]
[Black "Ivanisevic, Ivan"]
[Result "0-1"]
[ECO "C79"]
[WhiteElo "2241"]
[BlackElo "2517"]
[Annotator "TA"]
[PlyCount "84"]
[EventDate "2024.02.04"]
[EventType "swiss"]
[EventCountry "SRB"]
[SourceTitle "playchess.com"]
[Source "ChessBase"]
[SourceQuality "1"]
[TimeControl "40/5400+30:1800+30"]

1. e4 e5 2. Nf3 Nc6 3. Bb5 a6 4. Ba4 Nf6 5. O-O d6 6. d3 g6 7. Nc3 Bg7 8. Nd5 Nxd5 {[%emt 0:11:53] The position is equal.} 9. exd5 b5 $1 10. dxc6 bxa4 11. c3 a3 12. b3 O-O 13. Bxa3 (13. Re1 $1 $11) 13... Qe8 $17 14. c4 Qxc6 15. Bb2 Qb7 16. d4 e4 17. Ne1 c6 18. Ba3 Rd8 19. Rc1 a5 20. Nc2 a4 21. b4 d5 22. cxd5 Rxd5 23. Qe1 Be6 {[%emt 0:08:10] Black is much more active.} 24. Qxe4 Rd7 25. Rfd1 (25. Ra1 $15) 25... Bd5 26. Qf4 Bxa2 {[%emt 0:00:21] This pair of bishops is nice.} 27. Ne1 Bb3 28. Rd3 Qb5 29. h4 (29. Rc5 $17 Re8 30. Re3) 29... Re7 {[%emt 0:07:43][%cal Oe7e1] [#] ...Rxe1+! would now be deadly.} 30. Re3 Rxe3 31. Qxe3 Bd5 32. Nd3 Qb6 $36 {[%emt 0:01:34][%mdl 2048] Black is really pushing.} 33. Nc5 (33. Rc5 $17) 33... Qd8 $19 34. h5 Qh4 35. hxg6 $2 (35. Nd3) 35... hxg6 (35... Qxd4 36. gxf7+ Bxf7 37. Qxd4 Bxd4 38. Nd3 $17) (35... Bxd4 $142 36. Qe2 hxg6 (36... fxg6 $2 37. Rd1 $19)) 36. f4 $2 (36. Qh3 Qxh3 (36... Qxd4 $2 37. Re1 $19) 37. gxh3) 36... Qg4 37. Ne4 f5 38. Ng3 {[%emt 0:00:18] [#]} Bxd4 $1 39. Qxd4 Qxg3 40. Qb2 {[%emt 0:00:54] White is weak on the light squares} Qe3+ ({Less strong is} 40... Qxf4 41. Re1 $17) 41. Kh1 Ra7 42. Qf6 Rh7+ {[%emt 0:00:00] Weighted Error Value: White=0.66/Black=0.31.  Mistake:       	White=6     	Black=1      Inaccurate:     	White=1     	Black=1      OK:         	White=10    	Black=13     Best:        	White=3     	Black=2      Strong:       	---       	Black=1} 0-1

[Event "Serbian-ch Semifinal 2024"]
[Site "Paracin"]
[Date "2024.02.06"]
[Round "3.9"]
[White "Pogorelskikh, Sofia"]
[Black "Sedlak, Nikola"]
[Result "1/2-1/2"]
[ECO "B55"]
[WhiteElo "2198"]
[BlackElo "2463"]
[Annotator "TA"]
[PlyCount "91"]
[EventDate "2024.02.04"]
[EventType "swiss"]
[EventCountry "SRB"]
[SourceTitle "playchess.com"]
[Source "ChessBase"]
[SourceQuality "1"]
[TimeControl "40/5400+30:1800+30"]

1. e4 c5 2. Nf3 d6 3. d4 cxd4 4. Nxd4 Nf6 5. f3 Nc6 6. c4 Qb6 7. Nc2 e6 8. Nc3 Be7 9. Bd3 Ne5 10. Be2 a6 {[%emt 0:00:21] White is slightly better.} 11. f4 Ned7 12. Be3 Qc7 13. Nd4 b6 14. Rc1 Bb7 15. Bf3 Rc8 16. O-O Qb8 17. Qe2 h5 ({Black should play} 17... h6 $14) 18. h3 $16 g6 19. b3 h4 (19... e5 $14) 20. Rfd1 e5 21. Nc2 exf4 22. Bxf4 O-O 23. Ne3 Rfe8 24. Ng4 Bf8 25. Qd2 (25. Qe1 $16) 25... Re6 (25... Bxe4 $14 26. Bxe4 Nxe4 27. Nxe4 Rxe4) 26. Nd5 Bxd5 27. exd5 Ree8 28. Re1 (28. Nh6+ $16 Bxh6 29. Bxh6) 28... Bg7 ({Better is} 28... b5 $14) 29. Bg5 {[%emt 0:03:12] White has more active pieces.} (29. Nh6+ $16 Kf8 30. Bg4) 29... Nxg4 30. Bxg4 {[%emt 0:00:51] A strong pair of Bishops.} f5 31. Bf3 Ne5 32. Bxh4 b5 33. Bf2 bxc4 34. bxc4 Rxc4 35. Rxc4 Nxc4 36. Rxe8+ Qxe8 37. Qb4 Qb5 {[%emt 0:02:11] [#]} 38. Qxb5 {[%emt 0:01:24] White is better.} axb5 {[%emt 0:00:07][%mdl 4096] Endgame. KBB-KBN} 39. Be2 {[%emt 0:03:32][%cal Oa2a4] aiming for a4!} Na3 40. Bd3 Kf7 41. Kf1 Bc3 42. Bg3 Be5 43. Be1 Bd4 44. Bb4 Bc5 45. Bxa3 Bxa3 46. Bxb5 {[%emt 0:00:00] Weighted Error Value: White=0.15 (very precise) /Black=0.17 (very precise) .  Mistake:       	White=3     	Black=4      Inaccurate:     	White=3     	Black=4      OK:         	White=14    	Black=13     Best:        	White=3     	Black=2} 1/2-1/2

[Event "Serbian-ch Semifinal 2024"]
[Site "Paracin"]
[Date "2024.02.06"]
[Round "3.10"]
[White "Cuzovic, Ognjen"]
[Black "Milosevic, Milos"]
[Result "1/2-1/2"]
[ECO "A58"]
[WhiteElo "2068"]
[BlackElo "2388"]
[Annotator "TA"]
[PlyCount "56"]
[EventDate "2024.02.04"]
[EventType "swiss"]
[EventCountry "SRB"]
[SourceTitle "playchess.com"]
[Source "ChessBase"]
[SourceQuality "1"]
[TimeControl "40/5400+30:1800+30"]

1. d4 Nf6 2. c4 c5 3. d5 b5 4. cxb5 a6 5. bxa6 g6 6. Nc3 Bg7 7. Nf3 O-O 8. e4 {[%emt 0:00:18] Repels e6. White is slightly better.} Qa5 9. Bd3 {[%emt 0:02:38] [#]} (9. Bd2 $14) 9... Nxd5 $1 $15 10. exd5 {[%emt 0:02:37] Strongly threatening 0-0.} Bxc3+ 11. Bd2 Bxd2+ (11... Bxa6 $2 {too greedy.} 12. Bxc3 Qc7 13. O-O $18) 12. Qxd2 Qxd2+ 13. Kxd2 Bxa6 14. Bxa6 Nxa6 15. Rhe1 Rfe8 16. a3 Nc7 17. d6 exd6 18. Rxe8+ Rxe8 $17 {[%emt 0:00:02][%mdl 4096] Endgame. KRN-KRN} 19. Re1 Rb8 20. Kc2 Kf8 21. Ng5 Ne6 22. Ne4 Ke7 23. Nc3 Kd8 24. Nd5 {[%emt 0:01:18] Inhibits Nf4.} Kc8 25. Kc3 {[%emt 0:01:20] The position is equal.} Rb5 26. Rd1 Ra5 27. Nf6 Ra4 28. g3 {[%emt 0:02:55] Against Rf4} Nc7 {[%emt 0:00:44] Weighted Error Value: White=0.10 (very precise) /Black=0.05 (flawless) .  Mistake:       	White=1     	---        Inaccurate:     	White=2     	Black=1      OK:         	White=8     	Black=11     Best:        	White=1     	Black=1      Brilliant:      	---       	Black=1} 1/2-1/2

[Event "Serbian-ch Semifinal 2024"]
[Site "Paracin"]
[Date "2024.02.06"]
[Round "3.11"]
[White "Martic, Ivan"]
[Black "Eric, Jovana"]
[Result "0-1"]
[ECO "B22"]
[WhiteElo "2323"]
[BlackElo "2124"]
[Annotator "TA"]
[PlyCount "118"]
[EventDate "2024.02.04"]
[EventType "swiss"]
[EventCountry "SRB"]
[SourceTitle "playchess.com"]
[Source "ChessBase"]
[SourceQuality "1"]
[TimeControl "40/5400+30:1800+30"]

1. e4 c5 2. c3 Nf6 3. e5 Nd5 4. Nf3 d6 5. Bb5+ Bd7 6. Bc4 {[%emt 0:00:10] B22: Sicilian: 2 c3.} e6 7. d4 Bc6 8. O-O Nd7 9. Bb3 cxd4 10. exd6 Bxd6 (10... dxc3 {feels hotter.} 11. Bxd5 c2 12. Qxc2 Bxd5 13. Nc3 Rc8) 11. Nxd4 N7f6 $146 ({Predecessor:} 11... Qc7 12. h3 O-O 13. Nxc6 bxc6 14. Nd2 Rfd8 15. Nf3 Bf4 16. Qe2 a5 17. c4 Nb4 {0-1 Heinemann,J (2297)-Petrov,N (2559) Belgrade Serbia op 2023 (5)}) 12. Nxc6 bxc6 13. Qf3 Qc7 14. g3 O-O 15. Nd2 h6 16. Nc4 Be7 17. Re1 Rad8 18. Bd2 Rfe8 19. Rad1 Bf8 20. Ne5 Bd6 21. Qe2 Bxe5 22. Qxe5 Qe7 ({Better is} 22... Qxe5 $14 23. Rxe5 Nd7) 23. Bc1 Nd7 24. Qe2 Nc5 25. Bc2 e5 26. Qg4 Nf6 27. Qf5 Rxd1 28. Rxd1 ({But not} 28. Bxd1 e4 29. Bc2 Rd8 $14) 28... e4 29. Bf4 (29. Kg2 $16) 29... Nd5 $11 30. Bc1 g6 ({Black should try} 30... Nf6 $11) 31. Qg4 $14 h5 32. Qg5 Nf6 33. Be3 Ncd7 34. Bf4 (34. Bxa7 c5 $17) 34... Nd5 (34... Ne5 $14 35. Bxe5 Qxe5 36. Qxe5 Rxe5) 35. Qxe7 $16 Rxe7 36. Bg5 f6 37. Bc1 Kg7 38. a3 N7b6 39. Re1 f5 40. b3 Nxc3 ({Black should play} 40... Nd7 $14) 41. Bb2 $1 $16 Nbd5 {[%emt 0:31:42] [#]} 42. Re3 $1 Kf7 43. Rxc3 Nxc3 44. Bxc3 e3 (44... g5 {is a better defense.} 45. b4 Rb7) 45. f4 $18 Ke6 46. h4 c5 $2 (46... Kd5 {was worth a try.} 47. Be5 Rd7) 47. Kf1 $18 Kd5 48. Bd3 Rb7 (48... e2+ $142 49. Bxe2 Re3 50. Bc4+ Kc6) 49. Bc4+ $18 Ke4 50. Ke2 Rd7 51. Ba6 Re7 52. a4 Rd7 53. a5 Re7 54. Bb5 Kd5 55. Bc4+ Ke4 56. a6 Rd7 57. Be6 (57. Bb5 $142 {White threatens Bc6+ and mate.} Rd6 58. Ba5) 57... Rd3 $2 {[%emt 0:01:17] [#]} (57... Rd8 58. Bc4 Rd6) 58. Bc8 $4 (58. Ba5 $1 $18 c4 59. Bxc4) 58... Rxc3 59. Bb7+ Kd4 0-1

[Event "Serbian-ch Semifinal 2024"]
[Site "Paracin"]
[Date "2024.02.07"]
[Round "4.1"]
[White "Tilicheev, Viacheslav"]
[Black "Radovanovic, Nikola"]
[Result "1/2-1/2"]
[ECO "E71"]
[WhiteElo "2487"]
[BlackElo "2446"]
[Annotator "TA"]
[PlyCount "21"]
[EventDate "2024.02.04"]
[EventType "swiss"]
[EventCountry "SRB"]
[SourceTitle "playchess.com"]
[Source "ChessBase"]
[SourceQuality "1"]
[TimeControl "40/5400+30:1800+30"]

1. d4 Nf6 2. c4 g6 3. Nc3 Bg7 4. e4 d6 5. h3 Nbd7 6. Be3 e5 7. d5 h5 (7... Nc5 $11) 8. Qd2 {[%emt 0:16:31] White is more active.} (8. Bd3 $16) 8... Nc5 $14 9. f3 h4 10. Bg5 Bf8 11. b4 {[%emt 0:05:30] Weighted Error Value: White=0.18 (very precise) /Black=0.09 (flawless) .  Mistake:       	White=1     	Black=1      OK:         	White=1     	Black=3      Best:        	---       	Black=1} 1/2-1/2

[Event "Serbian-ch Semifinal 2024"]
[Site "Paracin"]
[Date "2024.02.07"]
[Round "4.2"]
[White "Cabarkapa, Novak"]
[Black "Djordjevic, Vuk"]
[Result "1-0"]
[ECO "C17"]
[WhiteElo "2434"]
[BlackElo "2367"]
[Annotator "TA"]
[PlyCount "75"]
[EventDate "2024.02.04"]
[EventType "swiss"]
[EventCountry "SRB"]
[SourceTitle "playchess.com"]
[Source "ChessBase"]
[SourceQuality "1"]
[TimeControl "40/5400+30:1800+30"]

1. e4 e6 2. d4 d5 3. Nc3 Bb4 4. e5 c5 5. Bd2 Ne7 6. a3 Bxc3 7. Bxc3 Nbc6 8. Nf3 Qb6 (8... cxd4 $11 9. Bxd4 O-O) 9. dxc5 $16 Qxc5 {[%emt 0:00:26] White is slightly better.} 10. Qd2 b5 11. Bd3 Bd7 12. O-O a5 ({Black should try} 12... O-O) 13. b4 Qb6 14. bxa5 Nxa5 15. Qg5 Ng6 16. Bb4 {[%emt 0:08:11] Strongly threatening Bxg6.} Qd8 {[%emt 0:02:10] [#]} (16... Nc6 $16 17. Bd6 h6) 17. Qg3 $1 $18 Nc6 18. Bd6 {[%emt 0:04:11][%cal Oh2h4] And now h4! would win. This pair of bishops is nice.} (18. Bxb5 $6 Nxb4 19. Bxd7+ Qxd7 $16) 18... Nce7 19. h4 h5 20. Rfe1 Ra4 {[%emt 0:06:24] [#]} 21. Bb4 $1 {[%emt 0:00:17] White is much more active.} Qb6 $2 {[%emt 0:00:28] A mistake that costs the game.} (21... Kf8 $16 {might work better.} 22. Qg5 (22. Bxg6 fxg6 23. Reb1 Ra8 $18) 22... Ra8) 22. c3 Rh6 23. Nd4 Ra7 24. Qg5 Nc8 25. Bxg6 Rxg6 {[%emt 0:00:04] Black is weak on the dark squares} 26. Qxh5 Rh6 27. Qg5 Rh7 28. Nf3 Rc7 29. Rad1 Rc4 30. Rd4 Qc7 31. Qf4 {[%emt 0:04:07] Threatens to win with Ng5.} Rh6 32. Ng5 (32. Qg4 $142 Rg6 33. Qh3) 32... Bc6 $2 (32... f5 33. Nf3 Bc6) 33. Re3 f5 {[%emt 0:00:32] [#]} 34. exf6 Qxf4 35. Rxe6+ (35. Rxc4 $2 dxc4 36. fxg7 (36. Rxe6+ $2 Kd7 $19) (36. f7+ Qxf7 37. Nxf7 Kxf7 $19) 36... Ne7 (36... Rxh4 37. g8=Q+ Kd7 38. Qg7+) (36... Rg6 37. Rxe6+ Kd7 38. Rxg6 $11) 37. Bxe7 Rg6 38. Rxe6 Qf5 (38... Rxg7 $2 39. Bd6+ Kd8 40. Bxf4 $18) 39. Bf6+ Kd7 40. Re7+ Kc8 $19) 35... Ne7 {[%emt 0:00:48] ...Qc1+ is the strong threat.} 36. Rxe7+ Kd8 37. Ne6+ (37. fxg7 $2 {is the wrong capture.} Qc1+ $19 (37... Rxd4 38. g8=Q+) (37... Rxd4 38. g8=Q+)) (37. Rxf4 $142 Rxf6 38. Rxf6 gxf6 39. Nf7+ Kc8 40. Nd6+ Kd8 41. Nxc4 bxc4 42. h5) 37... Kc8 38. Rxf4 {[%emt 0:00:00] Weighted Error Value: White=0.24 (precise) /Black=0.61.  Mistake:       	White=1     	Black=5      Inaccurate:     	White=1     	Black=2      OK:         	White=16    	Black=9      Best:        	White=1     	---        Strong:       	White=1     	---} 1-0